 Dungeon Crawl Stone Soup version 0.29-a0-472-ge5599a681e (webtiles) character file.

Game seed: 11530313739482956665

1583 quokkamancerX the Carver (level 8, -10/46 HPs)
             Began as a Tengu Berserker on May 22, 2022.
             Was a Believer of Trog.
             Killed from afar by an acid dragon (11 damage)
             ... with a splash of acid
             ... on level 8 of the Dungeon.
             The game lasted 00:31:17 (7639 turns).

quokkamancerX the Carver (Tengu Berserker)          Turns: 7639, Time: 00:31:17

Health: -10/46     AC:  3    Str: 25    XL:     8   Next: 92%
Magic:  0/9        EV: 14    Int:  7    God:    Trog [**....]
Gold:   322        SH:  0    Dex: 16    Spells: 7/7 levels left

rFire   + . .      SeeInvis .   t - +0 long sword
rCold   + . .      Faith    .   (no shield)
rNeg    + . .      Spirit   +   p - +2 ring mail {rN+}
rPois   +          Reflect  .   (helmet restricted)
rElec   .          Harm     .   (no cloak)
rCorr   .          Rampage  .   (no gloves)
Will    .....                   (boots unavailable)
Stlth   ++........              n - amulet of guardian spirit
HPRegen 0.15/turn               o - ring of protection from fire
MPRegen 0.11/turn               g - ring of Knowledge {rPois rC+ Str+7}

@: corroded, flying quickly and evasively, quick
A: beak, talons 3, nimble flight
a: Renounce Religion, Berserk, Trog's Hand


You were on level 8 of the Dungeon.
You worshipped Trog.
Trog was pleased with you.
You visited 1 branch of the dungeon, and saw 8 of its levels.

You collected 322 gold pieces.

Inventory:

Hand Weapons
 t - a +0 long sword (weapon)
Missiles
 d - 257 stones (quivered)
 j - 4 silver javelins
Armour
 p - a +2 ring mail of positive energy (worn)
Jewellery
 g - the ring of Knowledge (right hand) {rPois rC+ Str+7}
   (You found it on level 4 of the Dungeon)

   [ring of protection from cold]

   Str:       It affects your strength (+7).
   rC:        It protects you from cold.
   rPois:     It protects you from poison.
 m - an amulet of reflection
 n - an amulet of guardian spirit (around neck)
 o - a ring of protection from fire (left hand)
Wands
 q - a wand of acid (9)
 s - a wand of polymorph (12)
 u - a wand of digging (8)
Scrolls
 b - 3 scrolls of teleportation
 c - 4 scrolls of poison
 f - a scroll of brand weapon
 k - a scroll of enchant armour
 r - a scroll of fog
Potions
 a - 2 potions of heal wounds
 e - 4 potions of curing
 h - a potion of haste
 i - 2 potions of might {unknown}
 l - 2 potions of lignification
 v - a potion of mutation {unknown}
 w - a potion of berserk rage {unknown}
 x - a potion of attraction {unknown}


   Skills:
 - Level 3.0 Fighting
 + Level 9.3 Long Blades
 - Level 2.1 Armour
 - Level 2.8 Dodging
 - Level 4.0 Stealth
 - Level 6.0 Evocations


You had 7 spell levels left.
You didn't know any spells.
Your spell library was empty.

Dungeon Overview and Level Annotations

Branches:
Dungeon (8/15)             Temple (0/1) D:7
   Lair: D:8-11

Altars:
Cheibriados
Fedhas

Annotations:
D:4 Menkaure


Innate Abilities, Weirdness & Mutations

You have a beak for a mouth.
You have claws for feet.
Your magical nature lets you fly swiftly and evasively.


Message History

You slash something! You claw something! Trog accepts your kill.
Trog appreciates your killing of a magic user.
Reactivating autopickup.
You feel a bit more experienced.
Things that are here:
a +0 dagger; a +0 robe; an orc corpse An acid dragon comes into view.
You throw a stone. The acid dragon roars!
The stone hits the acid dragon but does no damage.
You hear a shout! x2
Things that are here:
a +0 dagger; a +0 robe; an orc corpse The acid dragon spits acid at you.
The splash of acid hits you!! The acid corrodes you!
Things that are here:
a +0 dagger; a +0 robe; an orc corpse You are no longer corroded.
You start resting.
An acid dragon is nearby!
You start resting.
An acid dragon is nearby!
You throw a stone. The acid dragon roars!
The stone hits the acid dragon but does no damage.
The acid dragon spits acid at you. The splash of acid hits you!!
The acid corrodes you!
Things that are here:
a +0 mace; a +0 chain mail; an orc skeleton
Things that are here:
a +0 dagger; a +0 hand axe; an orc skeleton
Items here: ))) [[[ รทรทรท.
The acid dragon spits acid at you. The splash of acid hits you!!
* * * LOW HITPOINT WARNING * * *
There is a stone staircase leading up here.
The acid dragon spits acid at you. The splash of acid hits you!
You die...

#.........# ..
#......#### ...
#......#####...
#..............
#..............
#...........>..
#....(....###..
#####........#
#@###.#......#
#.#..........###
#.#.#D.#.#.....#
#.#.#..#.#.#####
#.#..).#...#
#.###....###
#)D))).#.#
#####.##.#
#....#


You could see an acid dragon (catching breath).

Vanquished Creatures
  2 water moccasins (D:5)
  2 orc warriors
  A sky beast (D:7)
  2 phantoms
  2 bullfrogs (D:7)
  A necrophage (D:4)
  A howler monkey (D:6)
  A jelly (D:6)
  4 orc priests
  4 hounds
  A gnoll shaman (D:5)
  3 iguanas
  6 orc wizards
  4 gnolls (D:5)
  7 adders
  A white imp (D:6)
  2 ufetubi
  4 worms
  3 dart slugs
  19 orcs
  3 endoplasms
  A giant cockroach (D:1)
  A goblin (D:3)
  3 hobgoblins
  A quokka (D:3)
  9 ball pythons
  5 bats
  A frilled lizard (D:1)
  3 rats
97 creatures vanquished.

Notes
Turn   | Place    | Note
-------+----------+-------------------------------------------
     0 | D:1      | quokkamancerX the Tengu Berserker began the quest for the
                  | Orb.
     0 | D:1      | Reached XP level 1. HP: 14/14 MP: 2/2
   161 | D:1      | Reached skill level 1 in Stealth
   473 | D:1      | Reached XP level 2. HP: 17/19 MP: 3/3
   980 | D:2      | Reached XP level 3. HP: 23/23 MP: 4/4
  1503 | D:2      | Found a blossoming altar of Fedhas.
  1982 | D:3      | Found a snail-covered altar of Cheibriados.
  2550 | D:3      | Reached ** piety under Trog
  2663 | D:3      | Reached XP level 4. HP: 28/28 MP: 5/5
  3088 | D:3      | Reached skill level 4 in Long Blades
  3650 | D:4      | Gained mutation: Your magical nature lets you fly swiftly
                  | and evasively. [Tengu growth]
  3650 | D:4      | Reached XP level 5. HP: 32/32 MP: 6/6
  3746 | D:4      | Reached skill level 5 in Long Blades
  4091 | D:4      | Noticed Menkaure
  4116 | D:4      | Reached XP level 6. HP: 37/37 MP: 7/7
  4265 | D:4      | Identified the ring of Knowledge {rPois rC+ Str+7}
  4275 | D:4      | Reached skill level 6 in Long Blades
  4586 | D:5      | Entered Level 5 of the Dungeon
  4718 | D:5      | Reached skill level 1 in Evocations
  5321 | D:5      | Noticed a water moccasin
  5331 | D:5      | Killed a water moccasin
  5332 | D:5      | Reached XP level 7. HP: 41/41 MP: 5/8
  5840 | D:5      | Reached skill level 5 in Evocations
  6057 | D:6      | Reached XP level 8. HP: 37/46 MP: 9/9
  6824 | D:7      | Reached skill level 7 in Long Blades
  7002 | D:7      | Reached skill level 8 in Long Blades
  7140 | D:7      | Found a staircase to the Ecumenical Temple.
  7301 | D:8      | Reached skill level 9 in Long Blades
  7638 | D:8      | HP: 1/46 [acid dragon/splash of acid (22)]
  7639 | D:8      | Killed from afar by an acid dragon

Illustrated notes

Levels and vault maps discovered:
D:1:      scummos_arrival_gate, layout_loops_corners, chequers_jeans
D:2:      layout_loops_ring, basic_altar, minmay_shallow_snake_nest
D:3:      layout_loops_corners, slow_altar_1, eino_curves_03, st_stairs_6
D:4:      layout_gridville, uniq_menkaure
D:5:      layout_gridville
D:6:      layout_rooms
D:7:      layout_gridville, temple_green
D:8:      layout_basic, makhleb_altar_promises_db, roderic_lattice_a,
          minmay_manual_monolith

Skill      XL: |  1  2  3  4  5  6  7  8 |
---------------+-------------------------+-----
Stealth        | 1 2 3 4 |  4.0
Long Blades    | 4 5 6 9 |  9.3
Evocations     | 4 6 |  6.0
Fighting       | |  3.0
Armour         | |  2.1
Dodging        | |  2.8

Action                   |  1- 3 |  4- 6 |  7- 9 || total
-------------------------+-------+-------+-------++-------
Melee: Falchion          |    69 |    70 |       ||   139
       Kick              |    16 |    20 |    28 ||    64
       Peck              |     8 |    10 |    12 ||    30
       Punch             |     1 |     1 |     1 ||     3
       Long sword        |       |    12 |   102 ||   114
Throw: Stone             |       |     3 |     7 ||    10
       Javelin           |       |     1 |       ||     1
Invok: Berserk           |     3 |    10 |     5 ||    18
  Use: Scroll            |     2 |     6 |     3 ||    11
 Stab: Sleeping          |     6 |     4 |     3 ||    13
Armor: Animal skin       |     1 |       |       ||     1
       Ring mail         |    19 |    31 |    30 ||    80
       Leather armour    |     1 |       |       ||     1
Dodge: Dodged            |    34 |    69 |    59 ||   162
Block: Other             |     4 |       |       ||     4

Table legend: (Time is in decaauts)
 A = Elapsed time spent in this place.
 B = Non-inter-level travel time spent in this place.
 C = Inter-level travel time spent in this place.
 D = Time resting spent in this place.
 E = Time spent auto-exploring this place.
 F = Levels seen in this place.
 G = Mean time per level.
                   A        B        C        D        E       F      G
               +--------+--------+--------+--------+--------+-----+--------+
         Total |   7576 |   7251 |    325 |   1921 |   2101 |   8 |  947.0 |
       Dungeon |   7576 |   7251 |    325 |   1921 |   2101 |   8 |  947.0 |
               +--------+--------+--------+--------+--------+-----+--------+

Top non-repeatable levels by time:
     D:3: 1558 daAuts
     D:4: 1215 daAuts
     D:1: 1143 daAuts
     D:5: 1090 daAuts
     D:2: 859 daAuts
     D:6: 654 daAuts
     D:7: 653 daAuts
     D:8: 400 daAuts
